hothraxxa, lawful female human Knight ----- --..<---- | ---.......| ---- ------..........@----- - |.........G.........ssus.....| |......`............------ -- --........G.......G. |...!...+..........- -......--.......... .....*. .........).. ------ -.....-)....-- ..... G.G..-- ..--.|...... |. -----.... -- |.... --... ... -... ---. -- hothraxxa the Bachelor Experience level: 6 Strength: 12 Dexterity: 8 Constitution: 14 Intelligence: 8 Wisdom: 15 Charisma: 18 Health: 0(43) Energy: 50(50) Def: 11 Gold: 0 Moves: 6145 Dungeon seed: sixHEHg2cCiGqLHe Game ID: hothraxxa_1466126151 Your Inventory: Weapons a - an uncursed +1 long sword named 5691 (weapon in hand) e - an uncursed +1 lance Armor s - a blessed +0 small shield (being worn) A - an uncursed +1 ring mail (being worn) C - an uncursed +0 dwarvish cloak (being worn) G - an uncursed +0 pair of leather gloves (being worn) H - an uncursed +0 helmet (being worn) Comestibles d - an uncursed apple f - an uncursed carrot o - an uncursed lizard corpse named Larry Wands h - an uncursed wand of undead turning (0:2) U - an uncursed wand of fire (0:7) V - an uncursed wand of teleportation (0:5) Tools b - an uncursed bag of holding c - an uncursed stethoscope l - an uncursed brass lantern (0:1252) K - an uncursed expensive camera (0:59) L - an uncursed leash (in use) T - an uncursed towel Contents of the bag of holding: 570 gold pieces an uncursed +0 mace 9 uncursed apples 9 uncursed carrots 5 uncursed food rations an uncursed lembas wafer an uncursed lichen corpse 2 uncursed scrolls of enchant armor 2 cursed scrolls of enchant weapon an uncursed scroll of fire an uncursed scroll of gold detection 2 uncursed scrolls of light a blessed scroll of magic mapping an uncursed scroll of magic mapping 2 uncursed scrolls of teleportation an uncursed potion of confusion a cursed potion of extra healing an uncursed potion of gain energy 2 uncursed potions of healing 2 uncursed potions of invisibility an uncursed potion of monster detection an uncursed potion of speed an uncursed +1 ring of increase accuracy an uncursed ring of stealth an uncursed ring of warning an uncursed wand of teleportation (0:7) an uncursed blindfold an uncursed brass lantern (0:1457) an uncursed leash an uncursed oil lamp (0:1132) an uncursed +0 pick-axe 3 blessed tallow candles (0:200) 5 uncursed tallow candles (0:200) Spells and supernatural/magical abilities: Name Level Category Fail Memory h - healing 1 healing 100% 98% W - pray for help -- divine ? -- X - turn undead -- divine ? -- Y - supernatural jump -- ability ? -- Your skills at the end: Miscellaneous Skills shield [Basic] wands [Basic] riding [Basic] Weapon Skills long sword [Skilled] polearms [Basic] Spellcasting Skills Final Attributes: You were stridently aligned. You were telepathic. You could jump. You were protected. You are dead. Vanquished creatures: a giant beetle a lizard a giant spider a horse a housecat a soldier ant 2 bugbears a baby crocodile a pony a shrieker 7 gnome lords 4 gnomish wizards a straw golem a floating eye a dwarf a homunculus a kobold lord an iguana a rothe 2 giant bats an orc zombie 4 dwarf zombies a wererat 2 werejackals 5 killer bees 4 coyotes 2 acid blobs 6 geckos 4 giant rats 9 cave spiders a yellow mold 27 gnomes 2 garter snakes 11 jackals 2 foxes 2 kobolds 4 newts 3 goblins 2 sewer rats 8 grid bugs 4 bats 5 lichens 3 kobold zombies 143 creatures vanquished. Voluntary challenges: You used a wielded weapon 123 times, starting on turn 93. You did not apply a unicorn horn. You read items or engraved 9 times, starting on turn 150. You never genocided any monsters. You never polymorphed an object. You never changed form. You used no wishes. You never split a pudding. You wrote Elbereth's name 5 times, starting on turn 150. You violated your moral code, losing 2 points of alignment, starting on turn 1977. Dungeon overview: The Dungeons of Doom: levels 1 to 6 Level 1 an altar to Brigit a long staircase Level 2 a fountain stairs to The Gnomish Mines Level 3 an altar to Lugh Level 4 a fountain Level 5 many fountains Level 6 a fountain The Gnomish Mines: levels 3 to 8 Level 3 stairs to The Dungeons of Doom Level 4 Level 5 Level 6 many shops, a temple to Lugh, some fountains Level 7 Level 8 <- You were here History has recorded: On T:1 you entered the Dungeons of Doom to retrieve the Amulet of Yendor! On T:172 you reached level 2 of The Dungeons of Doom. On T:648 you reached level 3 of The Dungeons of Doom. On T:707 you reached level 4 of The Dungeons of Doom. On T:708 you advanced to experience level 2. On T:1204 you reached level 5 of The Dungeons of Doom. On T:1519 you advanced to experience level 3. On T:1957 you advanced to experience level 4. On T:2085 you reached level 6 of The Dungeons of Doom. On T:2772 you advanced to experience level 5. On T:3839 you reached level 1 of The Gnomish Mines. On T:3873 you reached level 2 of The Gnomish Mines. On T:3939 you reached level 3 of The Gnomish Mines. On T:4200 you advanced to experience level 6. On T:4613 you reached level 4 of The Gnomish Mines. On T:4757 you entered the Minetown temple On T:5907 you reached level 5 of The Gnomish Mines. On T:6132 you reached level 6 of The Gnomish Mines. Score breakdown: Gold: 570 ( 57 points) Experience: 6 levels ( 500 points) Exploration: 8 levels ( 210 points) Discoveries: 7 items ( 350 points) Variety of kills: 43 monsters ( 2000 points) Major goal: reached Minetown ( 500 points) Survival: died (score multiplied by 3) Total score: 10851 Latest messages: Fugger misses the giant spider. Fugger kicks the giant spider. Fugger misses the giant spider. The giant spider bites Fugger. The gnome lord punches you! The giant spider bites! Fugger kicks the gnome lord. Fugger bites the gnome lord. The gnome lord is killed! Something is hit. It is missed. The dart misses the giant spider. The dart hits Fugger. The giant spider bites! You slash the giant spider! The giant spider bites! You displace Fugger. The giant spider bites! (3x) The giant spider's bite was poisoned! The air crackles around the gnomish wizard. The giant spider bites! (2x) You die... Final status: Fare thee well hothraxxa the Knight, killed by a giant spider... You died in The Gnomish Mines on dungeon level 8 with 10851 points, and 570 pieces of gold, after 6145 moves. You were level 6 with a maximum of 43 hit points when you died.